Map: Catalyst LE

Players

INnoVation

  • Race: Terran Terran
  • Spawn Location: 11:00

Solar - Winner!

  • Race: Zerg Zerg
  • Spawn Location: 5:00

Event: IEM Season 12 - Katowice

VOD

Have the link to the VOD?

Description

Time

  • Played on: March 1, 2018, 12:32 p.m.
  • Length: 19:59

All games in this series

Show
View Real Time Build Order
Export as new Build Order

INnoVation Terran 

Build Orders: Gas First Reaper Expand, Reaper Expand, Bio Tank, Hellion Banshee 

Get SALT Encoding   

  12  0:00  SCV  
  13  0:12  SCV  
  14  0:17  Supply Depot  
  14  0:24  SCV  
  14  0:28  Refinery  
  15  0:38  SCV  
  16  0:44  Barracks  
  16  0:50  SCV  
  17  1:02  SCV  
  18  1:15  SCV  
  19  1:30  Orbital Command  
  19  1:31  Reaper  
  20  1:41  Command Center  
  20  1:54  Factory  
  20  1:56  SCV  
  21  2:05  Barracks Reactor  
  21  2:08  SCV  
  21  2:13  Supply Depot  
  21  2:15  Refinery  
  22  2:21  SCV  
  23  2:35  SCV  
  23  2:44  Starport  
  23  2:47  Hellion x2, SCV  
  28  2:52  Barracks Tech Lab  
  28  2:56  Supply Depot  
  28  2:59  SCV  
  29  3:09  Orbital Command  
  29  3:11  SCV  
  30  3:16  Hellion  
  30  3:17  Hellion  
  34  3:23  SCV  
  34  3:27  Cloaking Field  
  35  3:33  Banshee  
  38  3:37  SCV x2  
  40  3:42  Barracks Tech Lab  
  40  3:48  Hellion x2  
  44  3:52  SCV x2  
  46  3:56  Supply Depot  
  41  4:13  SCV x2  
  41  4:14  Hellion x2  
  41  4:15  Banshee  
  46  4:17  Marine  
  46  4:19  Stimpack  
  47  4:25  SCV x2  
  49  4:35  Marine  
  49  4:37  SCV x2  
  52  4:41  Command Center  
  52  4:49  SCV  
  52  4:51  SCV  
  52  4:52  Barracks  
  54  4:55  Marine, Factory Reactor  
  55  5:03  SCV x2, Barracks  
  57  5:08  Starport Reactor  
  57  5:10  Supply Depot  
  57  5:13  Marine  
  58  5:15  SCV x2  
  58  5:20  Engineering Bay  
  60  5:23  Engineering Bay  
  60  5:27  SCV x2  
  62  5:32  Marine, Refinery  
  62  5:33  Refinery  
  63  5:38  Siege Tank  
  63  5:39  SCV x2  
  68  5:49  Marine, Terran Infantry Armor Level 1, Terran Infantry Weapons Level 1  
  68  5:54  Marine x2  
  68  5:55  SCV x2, Orbital Command  
  73  5:59  Medivac  
  73  6:01  Medivac  
  77  6:07  SCV x2  
  77  6:08  Supply Depot  
  77  6:11  Marine x3  
  77  6:12  Marine x2  
  77  6:15  Siege Tank  
  84  6:19  SCV  
  84  6:24  Combat Shields  
  85  6:27  Supply Depot  
  85  6:28  Orbital Command  
  85  6:29  SCV  
  85  6:31  Supply Depot, SCV  
  87  6:32  Marine  
  87  6:33  Marine x4  
  87  6:38  Supply Depot  
  92  6:41  SCV  
  93  6:49  SCV  
  93  6:50  Marine x2  
  93  6:51  Marine x3, Armory  
  93  6:53  SCV, Siege Tank  
  103  6:54  SCV  
  103  7:01  Supply Depot  
  104  7:07  SCV x3  
  104  7:08  Supply Depot, Marine x3  
  107  7:09  Marine x2  
  107  7:15  Barracks x2  
  112  7:16  Medivac x2  
  116  7:23  SCV x3  
  116  7:26  Siege Tank  
  116  7:27  Marine x3  
  116  7:29  Marine x2  
  127  7:31  Supply Depot  
  127  7:33  Supply Depot  
  127  7:35  Refinery  
  127  7:37  Refinery  
  127  7:38  SCV  
  127  7:39  SCV x2  
  130  7:47  Marine x3  
  130  7:49  Terran Infantry Weapons Level 2  
  133  7:51  Terran Infantry Armor Level 2  
  133  7:57  Supply Depot  
  125  8:08  Barracks Reactor x2  
  125  8:09  Marine x5  
  125  8:12  Medivac  
  129  8:13  SCV x3  
  129  8:16  Supply Depot, Medivac  
  113  8:28  Marine x4  
  113  8:29  Marine  
  113  8:30  Siege Tank  
  118  8:38  Factory  
  118  8:39  SCV x3, Command Center  
  118  8:40  Concussive Shells  
  121  8:46  Marine x8  
  121  8:47  Medivac, Marauder  
  133  8:49  Medivac  
  135  9:03  Supply Depot  
  135  9:04  Supply Depot, Marine x4, Unknown x2  
  135  9:05  Unknown, Siege Tank  
  135  9:08  Marauder  
  144  9:17  Medivac  
  144  9:19  Medivac  
  144  9:21  Marine x5  
  144  9:22  Marine x3  
  156  9:30  Marauder  
  157  9:33  Factory Tech Lab  
  157  9:37  Barracks  
  156  9:38  Barracks  
  156  9:39  Barracks  
  150  9:47  Medivac  
  150  9:49  Marine x2, Medivac  
  150  9:50  Marine x6  
  150  9:51  Marauder  
  150  9:52  Planetary Fortress  
  155  10:01  SCV x3  
  158  10:12  Terran Infantry Armor Level 3, Terran Infantry Weapons Level 3  
  158  10:14  Terran Vehicle And Ship Armor Level 1  
  161  10:21  Siege Tank  
  161  10:25  Barracks Tech Lab  
  161  10:26  Barracks Tech Lab  
  161  10:27  Barracks Tech Lab  
  161  10:28  Marine, Marauder  
  163  10:29  Marine x7  
  163  10:34  Refinery  
  163  10:35  Refinery  
  171  10:37  Siege Tank  
  171  10:41  Supply Depot  
  174  10:46  Marine  
  174  10:49  Marauder  
  174  10:52  Marauder  
  174  10:53  Marine x7, Marauder x2  
  183  11:05  Supply Depot  
  183  11:10  Supply Depot  
  182  11:11  Medivac x2  
  182  11:13  Marine  
  182  11:14  Marine  
  182  11:15  Starport  
  182  11:16  Starport  
  188  11:27  Marine x6  
  188  11:29  Marine x2  
  196  11:34  Command Center  
  190  11:45  Viking x2  
  187  11:47  Marine x7, Marauder x2  
  190  11:57  Starport Tech Lab x2  
  190  12:01  SCV x3  
  186  12:02  Supply Depot  
  174  12:09  Marauder x2  
  174  12:10  Unknown, Marauder x2  
  174  12:11  Unknown x6  
  157  12:16  Marine  
  157  12:17  Marine  
  157  12:18  Viking x2  
  157  12:20  Corvid Reactor  
  157  12:22  Viking x2  
  165  12:26  Marine x6  
  171  12:30  Siege Tank, Marine  
  171  12:35  Siege Tank  
  178  12:42  SCV x2  
  180  12:45  SCV  
  180  12:48  Viking x2  
  180  12:50  Marine  
  180  12:51  Marine x8  
  189  12:56  Terran Vehicle And Ship Armor Level 2  
  192  13:03  Raven x2  
  192  13:13  Marine, Marauder  
  195  13:41  Planetary Fortress  
  195  13:42  Building Armor, Hi-Sec Auto Tracking  
  195  13:43  Sensor Tower  
  195  13:47  Starport  
  195  13:48  Ghost Academy, Starport  
  195  13:50  Barracks  
  195  13:51  Barracks  
  195  13:54  Marine  
  195  13:55  Marauder  
  195  13:56  Marine x3  
  195  13:57  Marine x4  
  195  13:59  Marauder  
  195  14:01  Raven, Marauder  
  195  14:02  Marauder, Raven  
  191  14:09  Siege Tank x2  
  192  14:12  Marine  
  192  14:14  Marine x2  
  195  14:19  Marine  
  195  14:24  Starport Tech Lab x2  
  195  14:39  Barracks Tech Lab x2  
  195  14:41  Barracks Reactor x2  
  195  14:48  Marine  
  195  14:49  Marine x2  
  195  14:50  SCV, Marauder, Marine, Raven  
  195  15:04  Unknown  
  195  15:05  Unknown x3  
  195  15:07  Siege Tank  
  195  15:10  SCV, Marauder  
  195  15:12  Marine  
  195  15:13  Marine x2, Marauder  
  195  15:15  SCV  
  195  15:18  Marine  
  195  15:22  Marine  
  195  15:23  Marine  
  195  15:24  Siege Tank, Marine x2  
  195  15:25  Viking x2, Raven, Marauder  
  195  15:26  Marauder  
  195  15:27  Raven  
  189  15:30  Marine x5  
  189  15:31  Marine x2  
  189  15:32  Marauder  
  189  15:34  Marauder  
  172  15:36  Marine  
  172  15:40  Marine  
  172  15:41  Marine x3  
  169  15:44  Raven x2  
  169  15:46  Marine  
  169  15:47  Marauder  
  169  15:48  Marine x6  
  169  15:49  Marine  
  171  15:53  Marine  
  171  15:54  Marine  
  164  16:00  Supply Depot  
  164  16:01  Supply Depot x2  
  164  16:22  Marine x12  
  164  16:23  Marauder x2  
  180  16:28  Raven  
  180  16:29  Marine  
  180  16:30  Marine  
  176  16:41  Marauder  
  176  16:43  Marine x5, Marauder  
  176  16:44  Marauder x2  
  174  16:48  Orbital Command  
  174  16:52  Marine x5  
  148  16:57  Medivac  
  148  16:58  Medivac  
  150  17:02  Marauder  
  150  17:06  Medivac x2  
  150  17:08  Marine x2  
  157  17:15  Medivac  
  156  17:29  Marine x8  
  122  17:32  Marine x6, Marauder x2  
  121  17:38  Banshee  
  121  17:40  Medivac  
  124  17:46  Marine  
  124  17:47  Marine x4  
  124  17:49  SCV x3  
  132  17:52  Medivac  
  132  17:53  Marine x3  
  137  18:04  Marine x5, Marauder x3  
  148  18:07  Medivac  
  148  18:12  SCV x3  
  153  18:18  Marine x2  
  155  18:20  Marine x6  
  155  18:21  Marine  
  155  18:22  Marine x2  
  155  18:27  Marine x5  
  163  18:32  Medivac  
  163  18:33  Medivac  
  172  18:35  Marine  
  172  18:36  Marine  
  172  18:37  Marine  
  172  18:40  Marine  
  176  18:45  Marauder x4  
  143  19:04  Marine x10  
  143  19:07  Siege Tank x2, Marauder x3  
  143  19:08  Marine  
  149  19:12  Marine  
  130  19:22  Medivac x2  
  130  19:23  Medivac  
  136  19:24  Marauder  
  136  19:26  Marine  
  136  19:27  Marine x2  
  136  19:29  Marine  
  136  19:30  Marine  
  136  19:31  Marine x5  
Show
View Real Time Build Order
Export as new Build Order

Solar Zerg - Winner!

Build Orders: Pool First 

Get SALT Encoding   

  12  0:02  Drone  
  13  0:13  Overlord  
  13  0:17  Drone  
  14  0:32  Drone x2  
  16  0:36  Drone  
  17  0:46  Spawning Pool  
  17  0:48  Drone  
  17  1:08  Hatchery  
  17  1:11  Drone  
  17  1:24  Extractor  
  16  1:33  Queen, Zergling x6  
  21  1:43  Overlord  
  21  1:54  Drone  
  22  2:05  Drone  
  23  2:09  Queen  
  25  2:17  Drone  
  25  2:21  Queen  
  25  2:22  Drone  
  29  2:29  Drone  
  30  2:32  Metabolic Boost  
  30  2:34  Drone  
  31  2:37  Drone  
  31  2:40  Drone  
  31  2:41  Drone  
  31  2:42  Drone  
  33  2:45  Drone  
  33  2:53  Overlord  
  33  2:55  Drone  
  34  3:00  Drone  
  34  3:03  Drone  
  36  3:12  Hatchery  
  36  3:15  Zergling x4  
  37  3:23  Drone x3  
  37  3:26  Drone  
  41  3:29  Overlord  
  41  3:34  Queen  
  41  3:35  Zergling x2  
  41  3:39  Overlord  
  44  3:48  Zergling x8  
  48  3:51  Drone x3  
  51  3:57  Overlord  
  51  3:59  Spore Crawler  
  51  4:02  Zergling x2  
  50  4:03  Zergling x4  
  51  4:10  Drone x2  
  51  4:14  Drone  
  51  4:19  Drone  
  52  4:27  Spore Crawler, Drone x2  
  53  4:31  Lair  
  53  4:33  Drone  
  53  4:36  Spore Crawler  
  53  4:38  Queen  
  55  4:40  Drone  
  55  4:42  Drone  
  55  4:44  Drone  
  58  4:45  Drone  
  58  4:51  Drone x2  
  61  4:53  Overlord  
  61  4:57  Drone  
  61  4:58  Drone  
  62  5:03  Extractor  
  62  5:04  Drone x2, Extractor  
  62  5:06  Drone x2  
  63  5:08  Drone  
  63  5:09  Baneling Nest  
  63  5:10  Drone  
  63  5:11  Drone  
  65  5:14  Overlord  
  65  5:16  Drone  
  65  5:18  Drone x2  
  65  5:20  Drone  
  69  5:23  Drone x2  
  69  5:28  Drone x3  
  74  5:30  Overseer  
  74  5:32  Overlord  
  74  5:34  Overlord  
  74  5:38  Evolution Chamber  
  74  5:41  Evolution Chamber  
  72  5:43  Drone  
  72  5:44  Drone x3  
  72  5:47  Drone x2  
  72  5:49  Drone  
  79  5:51  Drone x2  
  79  5:52  Drone  
  79  5:56  Drone  
  82  5:58  Drone x2  
  82  6:02  Overlord  
  83  6:04  Zerg Ground Armor Level 1  
  83  6:08  Zerg Melee Weapons Level 1  
  83  6:13  Extractor  
  83  6:16  Hydralisk Den  
  83  6:17  Extractor  
  80  6:19  Zergling x18  
  80  6:23  Centrifical Hooks  
  89  6:27  Drone  
  89  6:32  Baneling  
  90  6:33  Baneling  
  90  6:36  Overlord  
  90  6:37  Zergling x2  
  90  6:38  Zergling x4  
  93  6:40  Baneling  
  93  6:41  Baneling x3  
  93  6:42  Drone  
  93  6:44  Zergling x6  
  93  6:46  Baneling x2  
  96  6:48  Drone  
  96  6:51  Zergling x6  
  96  6:52  Baneling x2  
  96  6:53  Baneling x2  
  96  6:54  Hatchery  
  99  6:55  Zergling x4  
  99  6:58  Overlord  
  99  7:00  Zergling x4  
  103  7:03  Zergling x6  
  103  7:04  Zergling x2  
  103  7:06  Grooved Spines  
  107  7:08  Overlord  
  107  7:10  Zergling x2  
  107  7:13  Zergling x2  
  107  7:14  Zergling x4  
  110  7:18  Drone x2  
  110  7:20  Hydralisk x2  
  110  7:22  Hydralisk  
  117  7:24  Pneumatized Carapace  
  117  7:30  Hydralisk x2  
  117  7:31  Hydralisk  
  117  7:35  Drone x3  
  126  7:38  Overlord  
  126  7:39  Overlord  
  126  7:41  Hydralisk  
  126  7:43  Drone  
  129  7:48  Overlord  
  129  7:50  Overlord  
  128  7:51  Baneling  
  128  7:52  Baneling x3  
  128  7:54  Zergling x2  
  129  8:03  Zergling x12  
  129  8:04  Zergling x4  
  122  8:15  Queen  
  122  8:18  Muscular Augments  
  123  8:20  Zergling x2  
  123  8:21  Zergling x12  
  120  8:27  Hydralisk x2  
  120  8:29  Zergling x4  
  120  8:31  Overseer  
  120  8:34  Zergling x8  
  123  8:38  Zerg Ground Armor Level 2  
  124  8:41  Zerg Melee Weapons Level 2  
  124  8:43  Baneling x4  
  124  8:44  Baneling  
  124  8:46  Drone x3  
  124  8:48  Drone  
  128  8:51  Drone x2  
  128  8:52  Drone  
  128  8:53  Drone  
  131  8:56  Extractor  
  131  9:00  Baneling  
  131  9:01  Baneling x4  
  131  9:02  Infestation Pit, Extractor  
  129  9:05  Hydralisk  
  129  9:09  Overlord  
  130  9:10  Hydralisk x2  
  130  9:14  Zergling x10  
  139  9:18  Drone x2  
  139  9:19  Drone x2  
  139  9:20  Drone  
  144  9:24  Overlord, Hydralisk  
  144  9:29  Hydralisk x2  
  148  9:32  Overlord  
  148  9:34  Overlord  
  147  9:43  Hive, Zergling x12  
  147  9:44  Zergling x2  
  149  9:49  Spire  
  149  9:50  Baneling x5  
  149  9:52  Hydralisk  
  150  9:55  Hydralisk  
  150  9:58  Zergling x8  
  154  10:01  Hydralisk x2  
  158  10:09  Zergling x6  
  158  10:10  Zergling x10  
  158  10:12  Baneling x6  
  166  10:18  Zergling x10  
  166  10:19  Zergling x2  
  172  10:21  Hydralisk  
  172  10:22  Hydralisk  
  176  10:30  Baneling x4, Hatchery  
  175  10:38  Zergling x14  
  175  10:39  Overlord  
  182  10:46  Overlord  
  182  10:48  Zergling x18  
  185  10:51  Baneling x6  
  185  10:53  Zergling x4  
  185  10:58  Zergling x6  
  185  10:59  Zergling x4  
  189  11:04  Greater Spire, Viper x2  
  189  11:08  Zerg Missile Weapons Level 1  
  196  11:11  Zergling x8  
  196  11:13  Extractor  
  198  11:18  Zergling x2  
  198  11:22  Baneling x2  
  198  11:24  Adrenal Glands  
  199  11:25  Baneling x4  
  199  11:26  Baneling x3  
  199  11:30  Baneling x2  
  199  11:37  Baneling x3  
  197  11:43  Zergling x2  
  197  11:44  Zergling x24  
  199  11:52  Zergling x2  
  199  11:53  Zergling x10  
  198  12:01  Zergling x18  
  200  12:02  Zergling x2  
  200  12:03  Baneling  
  200  12:04  Baneling x13  
  190  12:09  Zergling x4  
  172  12:21  Hatchery  
  172  12:22  Corruptor x2  
  164  12:25  Corruptor  
  164  12:28  Corruptor  
  168  12:30  Corruptor  
  168  12:34  Corruptor  
  172  12:38  Baneling x2  
  172  12:43  Zergling x2  
  172  12:44  Zergling x12  
  179  12:53  Drone x2  
  179  12:54  Drone x3  
  179  12:57  Brood Lord x2  
  188  13:00  Brood Lord  
  186  13:12  Brood Lord  
  187  13:15  Baneling  
  186  13:20  Extractor  
  186  13:23  Brood Lord  
  186  13:24  Zergling x18  
  199  13:36  Brood Lord  
  197  13:45  Corruptor  
  197  13:47  Zerg Flyer Weapons Level 1  
  197  13:59  Zergling x26  
  197  14:01  Hydralisk  
  194  14:02  Hydralisk  
  194  14:03  Hydralisk  
  194  14:07  Hydralisk  
  198  14:27  Zergling x2  
  199  14:34  Baneling x2  
  199  14:35  Baneling x8  
  199  14:37  Baneling x7  
  199  14:38  Spore Crawler, Hatchery  
  197  14:47  Spore Crawler  
  197  14:51  Brood Lord  
  196  14:53  Baneling x6  
  196  14:54  Zergling x6  
  190  15:14  Zergling x14  
  190  15:15  Zergling x4  
  199  15:25  Zergling x2  
  199  15:26  Zergling x12  
  199  15:27  Zergling x10  
  199  15:30  Overlord x2  
  199  15:32  Hydralisk  
  199  15:35  Zergling x2  
  189  15:38  Hydralisk x2  
  189  15:40  Zergling x10  
  185  15:46  Hydralisk  
  185  15:48  Queen, Overlord  
  185  15:49  Hydralisk x3  
  178  15:52  Overseer, Hydralisk  
  178  15:54  Overseer x3  
  183  16:00  Zerg Flyer Weapons Level 2  
  183  16:03  Zerg Ground Armor Level 3, Zerg Melee Weapons Level 3, Hydralisk x4  
  186  16:05  Hydralisk  
  186  16:09  Baneling  
  186  16:10  Baneling  
  186  16:11  Baneling x24  
  192  16:12  Baneling x2, Zergling x2  
  192  16:13  Zergling x6  
  192  16:15  Zergling x8  
  200  16:21  Baneling x8  
  200  16:26  Baneling x4  
  192  16:36  Zergling x24  
  182  16:41  Zergling x8  
  182  16:44  Hydralisk x2  
  182  16:45  Hydralisk x5  
  170  16:48  Hydralisk x2  
  170  16:49  Zergling x2  
  170  16:50  Zergling x2  
  170  16:51  Zergling x2  
  170  16:52  Zergling x2  
  170  16:53  Zergling x2  
  151  16:54  Zergling x2  
  151  16:58  Zergling x6  
  151  17:01  Baneling x7  
  139  17:02  Baneling x2  
  139  17:03  Baneling  
  139  17:04  Baneling  
  139  17:06  Baneling x5  
  135  17:09  Hydralisk  
  135  17:11  Hydralisk  
  135  17:14  Baneling  
  135  17:15  Baneling x3  
  139  17:16  Zergling x4  
  139  17:18  Zergling x2  
  139  17:19  Zergling x2  
  139  17:27  Zergling x8  
  118  17:30  Hydralisk x2  
  118  17:31  Zergling x8  
  118  17:33  Hydralisk  
  118  17:34  Zergling x2  
  127  17:40  Zergling x10  
  127  17:41  Zergling x2  
  133  17:45  Viper x2  
  133  17:49  Hydralisk x2  
  133  17:50  Zergling x2  
  144  17:52  Baneling x2  
  144  17:53  Zergling x2  
  144  17:54  Zergling x4  
  144  17:56  Baneling x2, Zergling x2  
  144  17:58  Baneling x3  
  148  17:59  Zergling x2  
  148  18:00  Zergling x2  
  148  18:04  Zergling x2  
  148  18:05  Zergling x8  
  155  18:09  Baneling  
  155  18:10  Baneling x8  
  155  18:12  Baneling  
  155  18:15  Zergling x12  
  155  18:19  Zergling x6  
  165  18:20  Zergling x2  
  165  18:21  Zergling x2  
  165  18:22  Zergling x2  
  165  18:23  Hydralisk  
  165  18:24  Baneling x2  
  169  18:28  Zergling x8  
  169  18:33  Baneling x10  
  171  18:37  Zergling x8  
  171  18:38  Zergling x2  
  176  18:41  Zergling x2  
  176  18:42  Zergling x6  
  176  18:43  Zergling x2  
  180  18:53  Baneling x2  
  180  18:54  Overseer  
  180  18:55  Zergling x16  
  184  19:02  Zergling x14  
  176  19:06  Hydralisk x2  
  176  19:08  Zergling x2  
  176  19:09  Zergling x4  
  179  19:15  Zergling x2, Hydralisk x3  
  173  19:17  Zergling x2  
  173  19:18  Baneling x7  
  173  19:22  Baneling x5  
  173  19:23  Baneling x2  
  173  19:28  Baneling  
  173  19:29  Baneling x12  
  173  19:33  Baneling  
  173  19:34  Baneling x6  
  173  19:35  Zergling x6  
  176  19:39  Zergling x2  
  176  19:40  Zergling x6  

Tags
 
Add a new tag
Caveats
  • Supply blocks, unpowered buildings, or Contaminate may cause inaccurate times.
  • Supply counts are checked every 10 seconds.